 Dungeon Crawl Stone Soup version 0.30-a0-782-ge64f9170bb (webtiles) character file.

Game seed: 7351260544032862281

17367 112233 the Eclecticist (level 12, -2/71 HPs)
             Began as a Deep Elf Air Elementalist on Feb 25, 2023.
             Was an Elder of Vehumet.
             Slain by a fire elemental (13 damage)
             ... summoned by a deep elf pyromancer
             ... on level 1 of the Elven Halls.
             The game lasted 00:21:43 (23572 turns).

112233 the Eclecticist (Deep Elf Air Elementalist) Turns: 23572, Time: 00:21:44

Health: -2/71      AC:  2    Str:  8    XL:     12   Next: 18%
Magic:  22/33      EV: 17    Int: 26    God:    Vehumet [****..]
Gold:   759        SH:  0    Dex: 15    Spells: 21/41 levels left

rFire   . . .      SeeInvis +    P - +6 quarterstaff of Zemehaup {venom, rPois rCorr Str+3 Stlth-}
rCold   . . .      Faith    .    (shield currently unavailable)
rNeg    . . .      Spirit   .    a - +0 robe
rPois   +          Reflect  .    (no helmet)
rElec   .          Harm     .    (no cloak)
rCorr   +          Rampage  .    (no gloves)
Will    +....                    (no boots)
Stlth   +                        (no amulet)
HPRegen 0.31/turn                g - ring of see invisible
MPRegen 0.23/turn                I - ring of poison resistance

@: no status effects
A: hooves 1
a: Renounce Religion


You were on level 1 of the Elven Halls.
You worshipped Vehumet.
Vehumet was greatly pleased with you.
You visited 3 branches of the dungeon, and saw 14 of its levels.
You also visited: Bailey.

You collected 1417 gold pieces.
You spent 658 gold pieces at shops.

Inventory:

Hand Weapons
 c - a +0 club
 d - a +3 executioner's axe of draining
 r - a +2 executioner's axe of flaming
 w - a +0 quarterstaff
 P - the +6 quarterstaff of Zemehaup (weapon) {venom, rPois rCorr Str+3 Stlth-}
   (You bought it in a shop on level 2 of the Orcish Mines)

   Str:       It affects your strength (+3).
   rPois:     It protects you from poison.
   rCorr:     It protects you from acid and corrosion.
   Stlth:     It makes you less stealthy.
Missiles
 O - 4 throwing nets
 R - 2 curare-tipped darts
Armour
 a - a +0 robe (worn)
Magical Staves
 L - a staff of conjuration
Jewellery
 g - a ring of see invisible (left hand)
 y - a +6 ring of strength
 H - an amulet of guardian spirit
 I - a ring of poison resistance (right hand)
Wands
 K - a wand of roots (8)
Scrolls
 f - a scroll of torment
 i - 2 scrolls of noise {unknown}
 l - a scroll of butterflies {unknown}
 n - a scroll of poison {unknown}
 o - a scroll of fog {unknown}
 q - 5 scrolls of enchant armour
 t - 2 scrolls of amnesia {unknown}
 v - 3 scrolls of vulnerability
 x - a scroll of immolation {unknown}
 A - 3 scrolls of fear {unknown}
 C - 3 scrolls of magic mapping {unknown}
 F - 11 scrolls of identify
 M - 2 scrolls of teleportation
 Q - a scroll of enchant weapon {unknown}
Potions
 b - 5 potions of magic
 e - a potion of berserk rage {unknown}
 h - 3 potions of degeneration {unknown}
 j - 2 potions of lignification {unknown}
 k - a potion of ambrosia {unknown}
 p - a potion of brilliance
 u - a potion of mutation
 z - 3 potions of attraction
 B - 2 potions of haste {unknown}
 D - 6 potions of might {unknown}
 E - a potion of cancellation {unknown}
 G - 2 potions of curing
 J - a potion of flight {unknown}
 N - a potion of invisibility {unknown}
Miscellaneous
 s - a phantom mirror


   Skills:
 + Level 6.5 Fighting
 + Level 9.7 Dodging
 - Level 2.6 Stealth
 * Level 15.0 Spellcasting
 + Level 5.9 Conjurations
 * Level 11.5 Air Magic


You had 21 spell levels left.
You knew the following spells:

 Your Spells              Type           Power      Damage    Failure   Level
a - Shock                 Conj/Air       100%       1d9       1%          1
b - Static Discharge      Conj/Air       100%       2-7/arc   1%          2
c - Airstrike             Air            34%        2d(5-21)  1%          4
d - Swiftness             Air            68%        N/A       1%          3
e - Momentum Strike       Conj/Tloc      70%        3d9       1%          2
f - Kindle Blastsparks    Fire/Tloc/Air  78%        2d16      1%          3
g - Yara's Violent Unrav  Hex/Tmut       9%         3d6       19%         5

Your spell library contained the following spells:

 Spells                   Type           Power      Damage    Failure   Level
 Iskenderun's Mystic Bla  Conj/Tloc      35%        2d8       2%          4
 Scorch                   Fire           38%        2d6       1%          2
 Flame Wave               Conj/Fire      35%        2d10      2%          4
 Ensorcelled Hibernation  Hex/Ice        38%        N/A       4%          2
 Call Canine Familiar     Summ           19%        N/A       9%          3
 Portal Projectile        Hex/Tloc       38%        N/A       9%          3
 Spider Form              Tmut/Pois      19%        N/A       9%          3
 Anguish                  Hex/Necr       9%         N/A       26%         4
 Leda's Liquefaction      Hex/Erth       9%         N/A       26%         4
 Summon Cactus Giant      Summ           9%         N/A       99%         6


Dungeon Overview and Level Annotations

Branches:
Dungeon (11/15)            Temple (0/1) D:6            Lair (0/5) D:10
    Orc (2/2) D:9             Elf (1/3) Orc:2        Bailey (visited)

Altars:
Ashenzari
Fedhas
Gozag
Makhleb
Okawaru
Qazlal
Uskayaw
Vehumet
Wu Jian
Lugonu

Shops:
D:3 ?   Orc:1 *   Orc:2 ((*

Portals:
Abyss: D:6

Annotations:
D:6 2 runed translucent doors
D:10 exclusion: upstairs
Orc:1 3 runed translucent doors, Ygeqoz's ghost, journeyman DgTm


Innate Abilities, Weirdness & Mutations

You have large cloven feet.


Message History

The deep elf pyromancer is struck by an arc of lightning.
The deep elf pyromancer is heavily wounded.
You are struck by an arc of lightning.
The deep elf pyromancer is struck by an arc of lightning.
The deep elf pyromancer is severely wounded.
You are struck by an arc of lightning.
The lightning grounds out.
The deep elf pyromancer gestures wildly while chanting.
The fire elemental misses you.
The deep elf pyromancer hits you with a +0 long sword.
Unknown command.
Casting: Static Discharge (safe; 1% risk of failure)
Confirm with . or Enter, or press ? or * to list all spells.
The deep elf pyromancer is struck by an arc of lightning.
The deep elf pyromancer is severely wounded.
You are struck by an arc of lightning.
The fire elemental is struck by an arc of lightning.
The fire elemental resists.
The fire elemental is lightly damaged.
You are struck by an arc of lightning.
The deep elf pyromancer is struck by an arc of lightning!
The deep elf pyromancer is almost dead.
The lightning grounds out.
The fire elemental is struck by an arc of lightning!
The fire elemental resists.
The fire elemental is lightly damaged.
You are struck by an arc of lightning.
The lightning grounds out.
The fire elemental barely misses you.
The deep elf pyromancer barely misses you.
The fire elemental barely misses you.
The deep elf pyromancer points at you and mumbles some strange words.
The bolt of fire hits you!!
The bolt of fire hits the fire elemental.
The fire elemental completely resists.
Unknown command.
The fire elemental hits you. The fire elemental burns you!
* * * LOW HITPOINT WARNING * * *
The fire elemental hits you.
* * * LOW HITPOINT WARNING * * *
The fire elemental burns you!
You die...

#+#
#.#
#E#
#@#
#e#
#E○
####


You could see a deep elf pyromancer and 2 fire elementals.

Vanquished Creatures
  A two-headed ogre (D:9)
  2 orc high priests (Orc:2)
  Sonja (Orc:2)
  Lodul (D:10)
  2 orc knights
  A cyclops (D:11)
  3 orc sorcerers
  Psyche (D:8)
  An unseen horror (D:11)
  A hornet (D:11)
  3 trolls
  2 wraiths
  7 yaks (D:9)
  A wyvern (D:8)
  Eustachio (D:6)
  A basilisk (D:11)
  2 steam dragons
  2 wargs
  An acid dragon (D:9)
  A water moccasin (D:6)
  3 ice beasts (D:6)
  34 orc warriors
  2 black bears
  9 ogres
  A centaur (D:9)
  2 kobold brigands
  A phantom (D:5)
  3 gnoll sergeants
  3 bullfrogs
  2 necrophages
  5 scorpions
  8 wights (D:6)
  2 howler monkeys
  A gnoll bouda (D:7)
  16 orc priests
  4 hounds
  4 jellies
  42 orc wizards
  3 iguanas
  20 gnolls
  11 adders
  3 white imps
  2 dart slugs
  106 orcs
  2 ball pythons (D:1)
  10 endoplasms
  5 giant cockroaches (D:1)
  10 goblins
  3 hobgoblins
  5 jackals
  14 kobolds
  2 quokkas
  3 bats
  11 frilled lizards (D:1)
  2 rats
389 creatures vanquished.

Vanquished Creatures (others)
  7 fungi (D:3)
  11 plants
18 creatures vanquished.

Grand Total: 407 creatures vanquished

Notes
Turn   | Place    | Note
-------+----------+-------------------------------------------
     0 | D:1      | 112233 the Deep Elf Air Elementalist began the quest for
                  | the Orb.
     0 | D:1      | Reached XP level 1. HP: 10/10 MP: 6/6
   218 | D:1      | Reached XP level 2. HP: 15/15 MP: 4/8
   666 | D:1      | Reached skill level 4 in Spellcasting
  1012 | D:1      | Reached XP level 3. HP: 19/19 MP: 7/11
  1496 | D:2      | Reached skill level 5 in Spellcasting
  2104 | D:2      | Learned a level 2 spell: Static Discharge
  2130 | D:2      | Learned a level 3 spell: Swiftness
  2681 | D:3      | Found a radiant altar of Vehumet.
  2784 | D:3      | Became a worshipper of Vehumet
  2838 | D:4      | Noticed a necrophage
  2846 | D:4      | Killed a necrophage
  2847 | D:4      | Reached skill level 6 in Spellcasting
  2847 | D:4      | Reached XP level 4. HP: 8/24 MP: 4/14
  2943 | D:4      | Noticed a scorpion
  2968 | D:4      | Reached skill level 7 in Spellcasting
  2968 | D:4      | Reached XP level 5. HP: 14/28 MP: 7/16
  3112 | D:3      | Found a stormy altar of Qazlal.
  3113 | D:3      | Noticed an air elemental
  3122 | D:3      | Noticed a fire elemental
  3122 | D:3      | Noticed a water elemental
  3261 | D:3      | Found Ogurgh's Magic Scroll Boutique.
  3270 | D:3      | Bought a scroll of identify for 24 gold pieces
  3270 | D:3      | Bought a scroll of blinking for 90 gold pieces
  3917 | D:4      | Learned a level 4 spell: Airstrike
  4075 | D:4      | Noticed a black bear
  4083 | D:4      | Killed a black bear
  4084 | D:4      | Reached XP level 6. HP: 20/33 MP: 7/18
  4198 | D:4      | Reached skill level 1 in Fighting
  4198 | D:4      | Reached skill level 8 in Spellcasting
  4522 | D:4      | Reached * piety under Vehumet
  4522 | D:4      | Offered knowledge of Freeze by Vehumet.
  4872 | D:4      | HP: 1/34 [/static electricity (4)]
  5220 | D:4      | Reached XP level 7. HP: 38/38 MP: 15/20
  5273 | D:4      | Found a burning altar of Makhleb.
  5277 | D:4      | Found a broken altar of Ashenzari.
  5277 | D:4      | Found a hide-covered altar of Uskayaw.
  5290 | D:4      | Found an iron altar of Okawaru.
  5293 | D:4      | Found an opulent altar of Gozag.
  5366 | D:5      | Entered Level 5 of the Dungeon
  5492 | D:5      | Found a blossoming altar of Fedhas.
  5841 | D:5      | Reached skill level 5 in Air Magic
  6293 | D:5      | Reached XP level 8. HP: 37/45 MP: 18/22
  6449 | D:6      | Reached skill level 9 in Spellcasting
  6507 | D:6      | Reached skill level 5 in Dodging
  7082 | D:7      | Found a flagged portal.
  7090 | D:7      | Reached ** piety under Vehumet
  7094 | D:7      | Offered knowledge of Momentum Strike by Vehumet.
  7129 | Bailey   | Entered a bailey
  7615 | Bailey   | Reached XP level 9. HP: 17/51 MP: 1/24
  7843 | Bailey   | Reached skill level 10 in Spellcasting
  8707 | Bailey   | Learned a level 2 spell: Momentum Strike
  8969 | Bailey   | Noticed an orc knight
  9073 | Bailey   | Killed an orc knight
  9073 | Bailey   | Offered knowledge of Ignite Poison by Vehumet.
  9229 | Bailey   | Reached skill level 11 in Spellcasting
 10006 | D:6      | Gained mutation: You have large cloven feet. [potion of
                  | mutation]
 10153 | D:6      | Noticed Eustachio
 10157 | D:6      | Killed Eustachio
 10366 | D:6      | Found a one-way gate to the infinite horrors of the Abyss.
 10366 | D:6      | Identified the +8 short sword of Funistruafe {distort, rC+}
 10828 | D:6      | Found a large runed translucent door.
 10828 | D:6      | Found a large runed translucent door.
 10831 | D:6      | Found a corrupted altar of Lugonu.
 11056 | D:6      | Reached *** piety under Vehumet
 11138 | D:6      | Reached XP level 10. HP: 58/58 MP: 4/27
 11358 | D:6      | Found a staircase to the Ecumenical Temple.
 11361 | D:6      | Found a faded altar of an unknown god.
 12464 | D:8      | Offered knowledge of Kindle Blastsparks by Vehumet.
 12534 | D:8      | Identified the +4 chain mail of Gozag's Delight {rElec
                  | Str+3 Int+7 Stlth-}
 12660 | D:8      | Reached skill level 12 in Spellcasting
 13063 | D:8      | Noticed Psyche
 13065 | D:8      | Killed Psyche
 13579 | D:8      | Learned a level 3 spell: Kindle Blastsparks
 13787 | D:9      | Found a staircase to the Orcish Mines.
 13977 | D:9      | Reached skill level 5 in Fighting
 14075 | D:9      | Reached **** piety under Vehumet
 14481 | D:9      | Noticed a two-headed ogre
 14496 | D:10     | Entered Level 10 of the Dungeon
 14720 | D:10     | Found an ornate altar of the Wu Jian Council.
 14759 | D:9      | Killed a two-headed ogre
 14927 | D:9      | Offered knowledge of Yara's Violent Unravelling by Vehumet.
 14932 | D:9      | Reached skill level 13 in Spellcasting
 15359 | D:9      | Reached skill level 10 in Air Magic
 15364 | D:9      | Reached XP level 11. HP: 64/64 MP: 12/30
 15959 | Orc:1    | Entered Level 1 of the Orcish Mines
 16108 | D:9      | Learned a level 5 spell: Yara's Violent Unravelling
 16388 | D:10     | Found a staircase to the Lair.
 17307 | D:11     | Noticed Lodul
 17518 | D:10     | Killed Lodul
 18062 | Orc:1    | Noticed Ygeqoz's ghost (journeyman DgTm)
 18092 | Orc:1    | Noticed an orc sorcerer
 18098 | Orc:1    | Killed an orc sorcerer
 18439 | Orc:1    | Found a runed translucent gate.
 18440 | Orc:1    | Found a runed translucent gate.
 18441 | Orc:1    | Found a runed translucent gate.
 18900 | Orc:2    | Entered Level 2 of the Orcish Mines
 18914 | Orc:2    | Reached skill level 14 in Spellcasting
 19483 | Orc:1    | Found Mazevuon's Assorted Antiques.
 19642 | Orc:1    | Bought a scroll of teleportation for 84 gold pieces
 19642 | Orc:1    | Bought a smoky white potion for 25 gold pieces
 19642 | Orc:1    | Bought a purple potion for 25 gold pieces
 19642 | Orc:1    | Bought a scroll of identify for 56 gold pieces
 19642 | Orc:1    | Bought a scroll of teleportation for 84 gold pieces
 20200 | Orc:2    | Reached skill level 5 in Conjurations
 20739 | Orc:2    | Found Qacasoin's Antique Weapon Emporium.
 20749 | Orc:2    | Bought a crystal quarterstaff for 270 gold pieces
 20749 | Orc:2    | Identified the +6 quarterstaff of Zemehaup {venom, rPois
                  | rCorr Str+3 Stlth-} (You bought it in a shop on level 2 of
                  | the Orcish Mines)
 20771 | Orc:2    | Reached ***** piety under Vehumet
 20798 | Orc:2    | Offered knowledge of Iskenderun's Mystic Blast by Vehumet.
 20912 | Orc:2    | Noticed an orc sorcerer
 20918 | Orc:2    | Killed an orc sorcerer
 21191 | Orc:2    | Found a staircase to the Elven Halls.
 21335 | Orc:2    | Noticed Sonja
 21340 | Orc:2    | Killed Sonja
 21745 | Orc:2    | Noticed an orc sorcerer
 21759 | Orc:2    | Killed an orc sorcerer
 21882 | Orc:2    | Found Dugie's Weapon Boutique.
 21959 | Orc:2    | Noticed an orc high priest
 21972 | Orc:2    | Killed an orc high priest
 21986 | Orc:2    | Reached XP level 12. HP: 25/71 MP: 1/32
 22202 | Orc:2    | Found Peapuex's General Store.
 22468 | Orc:2    | HP: 2/71 [orc warrior/+0 short sword (6)]
 23011 | Orc:2    | Noticed an orc high priest
 23015 | Orc:2    | Killed an orc high priest
 23016 | Orc:2    | Reached skill level 15 in Spellcasting
 23124 | Orc:2    | Noticed an orc high priest
 23565 | Elf:1    | Entered Level 1 of the Elven Halls
 23572 | Elf:1    | Slain by a fire elemental

Illustrated notes

Levels and vault maps discovered:
D:1:      shiori_arrival_maze, layout_basic, serial_curves, eino_curves_04,
          eino_curves_03, minmay_lizard_king
D:2:      layout_loops_ring, serial_forest, infiniplex_forest_clump_tiny,
          infiniplex_forest_clump_diagonal, infiniplex_forest_pool,
          infiniplex_forest_clump_curved, infiniplex_forest_lined_2,
          infiniplex_forest_clump_C, infiniplex_forest_lined_3_way,
          kennysheep_decorative_pillar
D:3:      layout_loops_corners, nicolae_qazlal_style_of_elements,
          mainiacjoe_overflow_alcove_4, serial_shops, shop, amethyst_killhole,
          dk_noncrumbling_3, kennysheep_cluttered_room
D:4:      layout_loops_ring, minmay_overflow_temple_star_hex
D:5:      layout_loops_ring, fedhas_ov_isle_minmay, kennysheep_generic_room_9
D:6:      due_chaos_kobolds, layout_loops_cross,
          nicolae_temple_entry_ecumenical, uniq_eustachio
D:7:      layout_loops_ring, enter_bailey_5, minmay_misc_feat_plants
D:8:      layout_loops_cross, uniq_psyche
D:9:      layout_long_grid, david_orc_3, st_stairs_7
D:10:     layout_grid_maze, nicolae_wu_jian_wuxing_cycle
D:11:     layout_loops_corners, uniq_lodul
Orc:1:    layout_diamond_mine, serial_shops, shop, gammafunk_ghost_split,
          nicolae_orc_lost_temple
Orc:2:    grunt_orc_community_town_hall, layout_caves,
          grunt_orc_community_big_house_2, grunt_orc_community_big_house_2,
          grunt_orc_community_house_3, grunt_orc_community_house_1,
          grunt_orc_community_house_3, grunt_orc_community_house_2,
          grunt_orc_community_house_1, serial_shops,
          nicolae_shop_window_shopping, guppyfry_library_mini, uniq_sonja
Elf:1:    layout_gridlike, hangedman_elf_disciples, einodemon_barbed_minivault,
          grunt_megastairs_2

Skill      XL: |  1  2  3  4  5  6  7  8  9 10 11 12 |
---------------+-------------------------------------+-----
Spellcasting   | 4 6 7 8 9 11 13 14 15 | 15.0
Dodging        | 3 4 6 7 8 9 |  9.7
Fighting       | 1 2 3 4 5 6 |  6.5
Air Magic      | 4 5 7 8 10 11 | 11.5
Conjurations   | 3 5 |  5.9
Stealth        | |  2.6

Action                     |  1- 3 |  4- 6 |  7- 9 | 10-12 || total
---------------------------+-------+-------+-------+-------++-------
  Melee: Quarterstaff      |       |       |     1 |    15 ||    16
         Kick              |       |       |       |     7 ||     7
   Cast: Shock             |   114 |   101 |    73 |     4 ||   292
         Static Discharge  |     1 |    13 |    23 |    26 ||    63
         Airstrike         |       |       |   104 |   344 ||   448
         Swiftness         |       |       |     2 |     1 ||     3
         Momentum Strike   |       |       |       |     1 ||     1
  Evoke: Wand              |       |       |       |     4 ||     4
    Use: Potion            |       |     2 |     6 |     2 ||    10
         Scroll            |       |       |     8 |     1 ||     9
 Armour: Robe              |       |     1 |     8 |     4 ||    13
  Dodge: Dodged            |    10 |    14 |    53 |    79 ||   156

Table legend: (Time is in decaauts)
 A = Elapsed time spent in this place.
 B = Non-inter-level travel time spent in this place.
 C = Inter-level travel time spent in this place.
 D = Time resting spent in this place.
 E = Time spent auto-exploring this place.
 F = Levels seen in this place.
 G = Mean time per level.
                   A        B        C        D        E       F      G
               +--------+--------+--------+--------+--------+-----+--------+
         Total |  23584 |  22617 |    967 |   8316 |  12196 |  15 | 1572.3 |
       Dungeon |  15576 |  14779 |    797 |   3565 |   9953 |  11 | 1416.0 |
  Orcish Mines |   5551 |   5381 |    170 |   2998 |   1830 |   2 | 2775.5 |
   Elven Halls |      6 |      6 |      0 |      0 |      0 |   1 |    6.0 |
        Bailey |   2450 |   2450 |      0 |   1753 |    413 |   1 | 2450.0 |
               +--------+--------+--------+--------+--------+-----+--------+

Top non-repeatable levels by time:
   Orc:2: 3944 daAuts
  Bailey: 2450 daAuts
     D:6: 2319 daAuts
     D:9: 2236 daAuts
     D:3: 1837 daAuts
   Orc:1: 1606 daAuts
    D:10: 1480 daAuts
     D:7: 1444 daAuts
     D:8: 1366 daAuts
     D:4: 1316 daAuts
     D:1: 1305 daAuts
     D:5: 1008 daAuts
     D:2: 907 daAuts
    D:11: 352 daAuts
   Elf:1: 6 daAuts
